[Event "Titled Tuesday Blitz January 10 Late 2023"]
[White "O`Gorman, Tom"]
[Black "Rian, Kapriaga"]
[WhiteFideId "2508249"]
[BlackFideId "7103263"]
[WhiteElo "2355"]
[BlackElo "2089"]
[Result "1-0"]
[Round "06"]
[TimeControl "180+2"]
[Date "2023.01.10"]
[WhiteClock "0:02:23"]
[BlackClock "0:01:25"]

1. e4 c5 2. Nf3 d6 3. d4 cxd4 4. Nxd4 Nf6 5. Nc3 g6 6. f3 Bg7 7. Be3 O-O 8. Qd2 Nc6 9. O-O-O Nxd4 10. Bxd4 Be6 11. g4 Qc7 12. h4 Rfc8 13. h5 Qa5 14. a3 a6 15. hxg6 fxg6 16. Bh3 Nd7 17. Bxg7 Kxg7 18. Bg2 Nf8 19. f4 Rxc3 20. Qxc3+ Qxc3 21. bxc3 Rc8 22. f5 Bf7 23. Kb2 1-0


[Site "https://www.chess.com"]

[Event "Titled Tuesday Blitz January 10 Late 2023"]
[White "Sargsyan, Anna M."]
[Black "rikchessmx"]
[WhiteFideId "13308130"]
[WhiteElo "2375"]
[BlackElo "2330"]
[Result "1-0"]
[Round "06"]
[TimeControl "180+2"]
[Date "2023.01.10"]
[WhiteClock "0:00:27"]
[BlackClock "0:01:12"]

1. d4 Nf6 2. c4 e6 3. Nf3 c5 4. d5 b5 5. Qc2 bxc4 6. dxe6 fxe6 7. e4 d5 8. exd5 exd5 9. Bg5 Be7 10. b3 Ne4 11. Be3 Qa5+ 12. Nbd2 cxb3 13. Qxb3 d4 14. Qb5+ Qxb5 15. Bxb5+ Bd7 16. Bxd7+ Nxd7 17. Nxe4 dxe3 18. fxe3 Nf6 19. Nc3 O-O 20. O-O Ng4 21. e4 Bf6 22. Rac1 Rab8 23. Nd5 Bd4+ 24. Kh1 Ne3 25. Nxe3 Bxe3 26. Rc2 Rf4 27. e5 Rfb4 28. Re1 Rb1 29. Re2 Bd4 30. g3 R1b2 31. Kg2 Kf7 32. Nxd4 cxd4 33. Kf3 Ke6 34. Ke4 R2b4 35. Kd3 Ra4 36. Rc1 Ra3+ 37. Ke4 d3 38. Rc6+ Kd7 39. Rd6+ Ke7 40. Rxd3 Rb4+ 41. Rd4 Rb5 42. Rc2 Rb7 43. Rdc4 g6 44. g4 Ra6 45. g5 Ke6 46. Rc6+ Rxc6 47. Rxc6+ Kd7 48. Ra6 Rb4+ 49. Kd5 Rb5+ 50. Kd4 Rb4+ 51. Kc5 Re4 52. Kd5 Re2 53. Rxa7+ Ke8 54. Rxh7 Rxa2 55. h4 Ra6 56. e6 Ra5+ 57. Kd6 Ra6+ 58. Ke5 Kf8 59. Kf6 Kg8 60. Rb7 Ra4 61. Kxg6 Kf8 62. h5 Ra8 63. h6 Kg8 64. Rd7 Re8 65. e7 1-0


[Site "https://www.chess.com"]

[Event "Titled Tuesday Blitz January 10 Late 2023"]
[White "Skaric, Djuro"]
[Black "Golubev, Mikhail"]
[WhiteFideId "934569"]
[BlackFideId "14100983"]
[WhiteElo "2334"]
[BlackElo "2461"]
[Result "1-0"]
[Round "06"]
[TimeControl "180+2"]
[Date "2023.01.10"]
[WhiteClock "0:01:05"]
[BlackClock "0:00:08"]

1. g3 g6 2. Bg2 Bg7 3. d3 e5 4. e4 Nc6 5. Nc3 d6 6. f4 Nge7 7. Nf3 O-O 8. O-O h6 9. h3 exf4 10. gxf4 f5 11. Be3 d5 12. exd5 Nxd5 13. Nxd5 Qxd5 14. Ne5 Qd6 15. Nxc6 bxc6 16. c3 Ba6 17. Rf2 Kh7 18. d4 Rfe8 19. Qf3 Re6 20. Bf1 Rae8 21. Bd2 Bxf1 22. Raxf1 c5 23. dxc5 Qxc5 24. Kh2 a5 25. Rg1 a4 26. a3 Qc4 27. Rgg2 Re4 28. Qg3 R8e6 29. h4 h5 30. Qf3 Bf6 31. Kh3 Be7 32. Rg3 Bd6 33. Rfg2 Bxf4 34. Rxg6 Rxg6 35. Qxh5+ Rh6 36. Qxf5+ Kh8 37. Qf8+ 1-0


[Site "https://www.chess.com"]

[Event "Titled Tuesday Blitz January 10 Late 2023"]
[White "Bayo Milagro, Alvaro"]
[Black "Alexikov, Alexander"]
[WhiteFideId "22275240"]
[BlackFideId "14103958"]
[WhiteElo "2287"]
[BlackElo "2209"]
[Result "1-0"]
[Round "06"]
[TimeControl "180+2"]
[Date "2023.01.10"]
[WhiteClock "0:00:23"]
[BlackClock "0:00:29"]

1. e4 c5 2. Nf3 d5 3. exd5 Nf6 4. Nc3 Nxd5 5. Bb5+ Bd7 6. Bc4 Nb6 7. Be2 Nc6 8. O-O Bg4 9. h3 Bh5 10. a4 e6 11. a5 Nd5 12. a6 b6 13. g4 Bg6 14. Bb5 Rc8 15. d4 Nb4 16. Bf4 Bd6 17. Bxd6 Qxd6 18. d5 exd5 19. Re1+ Kf8 20. Bxc6 Rxc6 21. Ne5 Rc8 22. Nb5 Qd8 23. c3 Nc6 24. Nxc6 Rxc6 25. Nxa7 Re6 26. Nb5 Rxe1+ 27. Qxe1 1-0


[Site "https://www.chess.com"]

[Event "Titled Tuesday Blitz January 10 Late 2023"]
[White "Przybylski, Wojciech"]
[Black "Lopez Idarraga, Daniel Eduardo"]
[WhiteFideId "1117599"]
[BlackFideId "4405501"]
[WhiteElo "2321"]
[BlackElo "2009"]
[Result "1-0"]
[Round "06"]
[TimeControl "180+2"]
[Date "2023.01.10"]
[WhiteClock "0:01:49"]
[BlackClock "0:01:41"]

1. d4 d5 2. Nf3 Nf6 3. c4 e6 4. g3 dxc4 5. Bg2 b5 6. O-O Bb7 7. Re1 a6 8. b3 cxb3 9. axb3 Nbd7 10. Bd2 c5 11. Ba5 Qb8 12. Nc3 Be7 13. e4 b4 14. Na4 Nxe4 15. Qc2 Ndf6 16. Ne5 cxd4 17. Bxe4 Bxe4 18. Rxe4 Nxe4 19. Qc6+ Kf8 20. Nd7+ 1-0


[Site "https://www.chess.com"]

[Event "Titled Tuesday Blitz January 10 Late 2023"]
[White "Itkis, Boris"]
[Black "Aguilar, Juan"]
[WhiteFideId "1209167"]
[BlackFideId "3800091"]
[WhiteElo "2329"]
[BlackElo "2254"]
[Result "1-0"]
[Round "06"]
[TimeControl "180+2"]
[Date "2023.01.10"]
[WhiteClock "0:00:02"]
[BlackClock "0:00:09"]

1. c4 g6 2. Nf3 Bg7 3. d4 d6 4. g3 Nf6 5. Bg2 O-O 6. O-O c6 7. b3 Qa5 8. Bb2 Qh5 9. Nbd2 Bh3 10. e4 Nbd7 11. Re1 e5 12. Nh4 Bxg2 13. Kxg2 Rfe8 14. Qxh5 Nxh5 15. Ndf3 a5 16. Rad1 Nhf6 17. dxe5 dxe5 18. a3 Nc5 19. b4 axb4 20. axb4 Ncxe4 21. Nxe5 Ra2 22. Nd3 Ng4 23. Bxg7 Kxg7 24. Kg1 Nexf2 25. Rxe8 Nh3+ 26. Kf1 Nxh2+ 27. Ke1 Ng1 28. Ne5 g5 29. Rd2 Ra1+ 30. Kf2 gxh4 31. gxh4 Nh3+ 32. Kg3 Nf1+ 33. Kxh3 Nxd2 34. Re7 Kf6 35. Re8 Rc1 36. c5 Rb1 37. Nd7+ Kg7 38. Re7 Rxb4 39. Ne5 Rf4 40. Ng4 Rf3+ 41. Kg2 Rf5 42. Kg3 Rxc5 43. Rxb7 Rf5 44. Ne3 Ne4+ 45. Kg4 Rf6 46. Nf5+ Kg6 47. h5# 1-0


[Site "https://www.chess.com"]

[Event "Titled Tuesday Blitz January 10 Late 2023"]
[White "Ankerst, Mihael"]
[Black "Rodriguez Fontecha, Marcos"]
[WhiteFideId "14602369"]
[BlackFideId "2256576"]
[WhiteElo "2370"]
[BlackElo "2309"]
[Result "0-1"]
[Round "06"]
[TimeControl "180+2"]
[Date "2023.01.10"]
[WhiteClock "0:00:15"]
[BlackClock "0:00:37"]

1. e4 e6 2. d4 d5 3. Nc3 Bb4 4. e5 Ne7 5. Nf3 Bxc3+ 6. bxc3 b6 7. a4 Ba6 8. Bxa6 Nxa6 9. a5 Nb8 10. axb6 cxb6 11. Ba3 Nbc6 12. O-O Na5 13. Nd2 O-O 14. f4 Re8 15. Bxe7 Qxe7 16. f5 exf5 17. Rxf5 Rac8 18. Qf3 Rc7 19. Rf1 Qe6 20. Qh5 Qg6 21. Qf3 Qe6 22. Qh5 Rf8 23. R1f3 Qg6 24. Qh3 Rfc8 25. Nf1 Nc4 26. Ng3 Nd2 27. Rf2 Ne4 28. Nxe4 dxe4 29. d5 Rxc3 30. Qh4 e3 31. Re2 Qxf5 0-1


[Site "https://www.chess.com"]

[Event "Titled Tuesday Blitz January 10 Late 2023"]
[White "Colivet Gamboa, Julio Cesar"]
[Black "Ladan, Nicholas"]
[WhiteFideId "3949583"]
[BlackFideId "30918855"]
[WhiteElo "1844"]
[BlackElo "2228"]
[Result "0-1"]
[Round "06"]
[TimeControl "180+2"]
[Date "2023.01.10"]
[WhiteClock "0:00:58"]
[BlackClock "0:01:35"]

1. c4 e5 2. Nc3 Nc6 3. g3 Bc5 4. Bg2 a6 5. e3 d6 6. Nge2 h5 7. h4 Bd7 8. O-O g5 9. d4 Ba7 10. dxe5 gxh4 11. exd6 hxg3 12. dxc7 Qxc7 13. Nd5 gxf2+ 14. Rxf2 Qe5 15. Rb1 O-O-O 16. b3 Rh6 17. Bb2 Qg5 18. Bd4 Nxd4 19. exd4 h4 20. Kh1 h3 21. Bf3 Bg4 22. Qg1 f5 23. c5 Bxf3+ 24. Rxf3 Qg2+ 25. Qxg2 hxg2+ 26. Kxg2 Rxd5 27. Kf2 Nf6 28. Rg1 Ng4+ 29. Kg3 Bb8+ 30. Kg2 Rd8 31. Rxf5 Ne3+ 32. Kf3 Nxf5 0-1


[Site "https://www.chess.com"]

[Event "Titled Tuesday Blitz January 10 Late 2023"]
[White "Ruperez Benito, Antonio"]
[Black "Hoffmann, Asa"]
[WhiteFideId "22245049"]
[BlackFideId "2001470"]
[WhiteElo "2307"]
[BlackElo "2185"]
[Result "0-1"]
[Round "06"]
[TimeControl "180+2"]
[Date "2023.01.10"]
[WhiteClock "0:02:06"]
[BlackClock "0:00:51"]

1. e4 d6 2. d4 Nf6 3. Nc3 c6 4. Nf3 Bg4 5. h3 Bh5 6. g4 Bg6 7. e5 dxe5 8. Nxe5 e6 9. h4 Bb4 10. h5 Be4 11. f3 Bd5 12. h6 g6 13. Bg5 Be7 14. Nxd5 cxd5 15. Bb5+ Nfd7 16. Bxe7 Qxe7 17. Qd2 a6 18. Bxd7+ Nxd7 19. f4 O-O-O 20. O-O-O Kb8 21. Rhe1 Rc8 22. Kb1 Nxe5 23. fxe5 Rc6 24. Rf1 Rhc8 25. Rf6 R8c7 26. Rdf1 Qe8 27. c3 Re7 28. Qg5 Rcc7 29. R6f2 Qb5 30. Qf6 Ka7 31. Qh8 Rxc3 32. Qxh7 Rec7 0-1


[Site "https://www.chess.com"]

[Event "Titled Tuesday Blitz January 10 Late 2023"]
[White "Liu, Kelsey"]
[Black "Fernandez Garcia, Gumersindo"]
[WhiteFideId "30944481"]
[BlackFideId "24516740"]
[WhiteElo "2065"]
[BlackElo "2160"]
[Result "0-1"]
[Round "06"]
[TimeControl "180+2"]
[Date "2023.01.10"]
[WhiteClock "0:00:01"]
[BlackClock "0:00:17"]

1. e4 c5 2. Nf3 g6 3. d4 cxd4 4. Qxd4 Nf6 5. Nc3 Nc6 6. Qa4 d6 7. e5 dxe5 8. Nxe5 Bd7 9. Nxd7 Qxd7 10. Be3 Bg7 11. Rd1 Qg4 12. Qb5 O-O 13. Qxb7 Nb4 14. Bd3 Nxd3+ 15. Rxd3 Rab8 16. Qf3 Qxf3 17. gxf3 Rxb2 18. Kd2 a6 19. Rb1 Rxb1 20. Nxb1 e6 21. Bc5 Rc8 22. Bd6 Nd5 23. Ra3 Rc6 24. Bg3 Bh6+ 25. Kd1 Bg7 26. c4 Rxc4 27. Rxa6 h5 28. Ra8+ Kh7 29. Nd2 Nc3+ 30. Kc2 Rc6 31. Kb3 Rb6+ 32. Kc2 Nd5 33. a4 Nb4+ 34. Kd1 Nc6 35. a5 Rb2 36. a6 Bc3 37. Bf4 e5 38. Be3 Ra2 39. a7 Nd4 40. Ne4 Ra1+ 41. Bc1 Bb2 42. Kd2 Bxc1+ 43. Kd3 Kg7 44. Nd6 Ra3+ 45. Ke4 Nc6 46. Nb5 Ra5 47. Rc8 Nxa7 48. Ra8 Nc6 49. Ra7 Rxa7 0-1


[Site "https://www.chess.com"]

[Event "Titled Tuesday Blitz January 10 Late 2023"]
[White "Muhammad, Shahzeb"]
[Black "Kozin, Yuri"]
[WhiteFideId "7804806"]
[BlackFideId "4129920"]
[WhiteElo "1853"]
[BlackElo "2251"]
[Result "0-1"]
[Round "06"]
[TimeControl "180+2"]
[Date "2023.01.10"]
[WhiteClock "0:00:20"]
[BlackClock "0:00:12"]

1. d4 d5 2. c4 c6 3. Nf3 Nf6 4. g3 g6 5. Bg2 Bg7 6. O-O dxc4 7. Nc3 O-O 8. a4 Na6 9. Ne5 Ng4 10. Nxg4 Bxg4 11. h3 Be6 12. e3 Nb4 13. Ne2 Qd7 14. Kh2 Rfd8 15. Bd2 Nd3 16. Bc3 Rac8 17. Nf4 Nxf4 18. gxf4 Qc7 19. Qd2 f5 20. Rad1 Bd5 21. f3 b5 22. e4 Be6 23. Qe3 Bf6 24. Rd2 Qb6 25. a5 Qb8 26. d5 Bxc3 27. bxc3 Bf7 28. exf5 gxf5 29. dxc6 Rxd2 30. Qxd2 Rxc6 31. Re1 Rd6 32. Qf2 Re6 33. Re5 Rxe5 34. Qg3+ Bg6 35. fxe5 b4 36. cxb4 c3 37. f4 Qc7 38. Bd5+ Kf8 39. Qg5 c2 40. Qh6+ Ke8 41. Qg7 c1=Q 42. Qg8+ Kd7 43. Qe6+ Kd8 44. Qg8+ Be8 0-1


[Site "https://www.chess.com"]

[Event "Titled Tuesday Blitz January 10 Late 2023"]
[White "Jovic, Stanoje"]
[Black "De Arruda, Leandro Formes"]
[WhiteFideId "905020"]
[BlackFideId "22722009"]
[WhiteElo "2075"]
[BlackElo "1980"]
[Result "1-0"]
[Round "06"]
[TimeControl "180+2"]
[Date "2023.01.10"]
[WhiteClock "0:02:36"]
[BlackClock "0:02:35"]

1. c4 e6 2. g3 d5 3. Bg2 Nf6 4. Nf3 Be7 5. O-O O-O 6. d4 b6 7. Ne5 Bb7 8. Nc3 c6 9. f4 Nbd7 10. e4 dxe4 11. Nxe4 Nxe5 12. fxe5 Nxe4 13. Bxe4 f5 14. exf6 Bxf6 15. Be3 e5 16. Qh5 exd4 17. Bxh7+ 1-0


[Site "https://www.chess.com"]

[Event "Titled Tuesday Blitz January 10 Late 2023"]
[White "Dylag, Emilia"]
[Black "Martinez Reyes, Pedro Ramon"]
[WhiteFideId "21805172"]
[BlackFideId "3901807"]
[WhiteElo "2095"]
[BlackElo "2376"]
[Result "0-1"]
[Round "06"]
[TimeControl "180+2"]
[Date "2023.01.10"]
[WhiteClock "0:01:07"]
[BlackClock "0:01:44"]

1. d4 Nf6 2. c4 c5 3. d5 e5 4. Nc3 d6 5. e4 Nbd7 6. g3 Be7 7. Bg2 h5 8. h3 h4 9. g4 Nh7 10. Nge2 Bg5 11. f4 exf4 12. Nxf4 Ne5 13. Qe2 O-O 14. Bd2 a6 15. O-O Bd7 16. b3 Rb8 17. a4 Re8 18. Rae1 Qb6 19. Nh5 Qxb3 20. Bxg5 Nxg5 21. Qd2 Nh7 22. Ne2 Nxc4 23. Qf4 Qe3+ 24. Kh1 Qxf4 25. Nhxf4 b5 26. axb5 axb5 0-1


[Site "https://www.chess.com"]

[Event "Titled Tuesday Blitz January 10 Late 2023"]
[White "Khandelwal, Ankush"]
[Black "Atanasov, Radislav"]
[WhiteFideId "413470"]
[BlackFideId "2901471"]
[WhiteElo "2205"]
[BlackElo "2025"]
[Result "1-0"]
[Round "06"]
[TimeControl "180+2"]
[Date "2023.01.10"]
[WhiteClock "0:02:01"]
[BlackClock "0:00:11"]

1. e4 e5 2. Nf3 Nc6 3. d4 exd4 4. Nxd4 Bc5 5. Nb3 Bb6 6. Nc3 d6 7. Qe2 Nf6 8. Be3 Be6 9. O-O-O O-O 10. f3 Re8 11. g4 Bxe3+ 12. Qxe3 d5 13. g5 Nh5 14. exd5 Bxd5 15. Qc5 Qxg5+ 16. Kb1 Nf4 17. Nxd5 Nxd5 18. Bc4 Nce7 19. Bxd5 c6 20. Bxf7+ 1-0


[Site "https://www.chess.com"]

[Event "Titled Tuesday Blitz January 10 Late 2023"]
[White "Torres Dominguez, David"]
[Black "Malka, Samuel"]
[WhiteFideId "2220857"]
[BlackFideId "20643675"]
[WhiteElo "1994"]
[BlackElo "2165"]
[Result "0-1"]
[Round "06"]
[TimeControl "180+2"]
[Date "2023.01.10"]
[WhiteClock "0:00:32"]
[BlackClock "0:00:42"]

1. e4 e5 2. Bc4 Nc6 3. Nc3 Nf6 4. d3 Na5 5. Bb3 c6 6. f4 d6 7. Nf3 Qc7 8. O-O Be7 9. Qe1 Nxb3 10. axb3 Nd7 11. fxe5 dxe5 12. Qg3 Bf6 13. Kh1 Qd8 14. Be3 O-O 15. Rae1 Qe7 16. Nd1 Kh8 17. Nf2 Nc5 18. Ng4 Bxg4 19. Qxg4 Ne6 20. Rf2 g6 21. Ref1 Bg7 22. Ng5 Nxg5 23. Bxg5 f6 24. Be3 b6 25. Rf3 c5 26. Rh3 Kg8 27. Qh4 Bh8 28. Qh6 Rf7 29. Rff3 Raf8 30. Rhg3 Bg7 31. Qh4 f5 32. Qxe7 Rxe7 33. exf5 gxf5 34. Rxf5 Rxf5 0-1


[Site "https://www.chess.com"]

[Event "Titled Tuesday Blitz January 10 Late 2023"]
[White "Bochnicka, Vladimir"]
[Black "Stanisz, Patryk"]
[WhiteFideId "14943450"]
[BlackFideId "1123106"]
[WhiteElo "2327"]
[BlackElo "2161"]
[Result "1-0"]
[Round "06"]
[TimeControl "180+2"]
[Date "2023.01.10"]
[WhiteClock "0:00:05"]
[BlackClock "0:00:06"]

1. e4 c5 2. Nf3 Nc6 3. d4 cxd4 4. Nxd4 Nf6 5. Nc3 e5 6. Ndb5 d6 7. Bg5 a6 8. Na3 b5 9. Nd5 Be7 10. Bxf6 Bxf6 11. c3 O-O 12. h4 Rb8 13. Nc2 Be6 14. Ncb4 Nxb4 15. Nxb4 Qb6 16. Be2 Qb7 17. Bf3 a5 18. Nc2 b4 19. g3 Rfd8 20. Ne3 Qa6 21. Be2 Qc6 22. Nd5 Bxd5 23. exd5 Qc5 24. c4 e4 25. O-O Bxb2 26. Rb1 Be5 27. Qc2 Bxg3 28. Qxe4 Re8 29. Qg4 Bxh4 30. Rb3 Re5 31. Kh1 Bf6 32. Rh3 Rg5 33. Qe4 g6 34. f4 Qc8 35. Qe3 Rf5 36. Bg4 Kg7 37. Rf2 Rb7 38. Rfh2 h5 39. Bxf5 Qxf5 40. Qf3 Re7 41. Rg2 Qb1+ 42. Kh2 Re1 43. Rf2 Rg1 44. Rg3 h4 45. Rxg1 Qf5 46. Qg4 Qe4 47. Rf3 Qe2+ 48. Qg2 Qe4 49. Rf2 Qf5 50. Qf3 Kg8 51. Rfg2 h3 52. Rg5 Qc2+ 53. Kh1 Bxg5 54. fxg5 Qxc4 55. Qxh3 Qxd5+ 56. Qg2 Qe5 57. Rf1 Kg7 58. Qf3 d5 59. Qf6+ Qxf6 60. Rxf6 Kf8 61. Rd6 Ke7 62. Rxd5 a4 63. Ra5 b3 64. Rxa4 b2 65. Rb4 1-0


[Site "https://www.chess.com"]

[Event "Titled Tuesday Blitz January 10 Late 2023"]
[White "Antonio, Jorge Carlos"]
[Black "Ongut, Tamas Gunes"]
[WhiteFideId "113190"]
[BlackFideId "770280"]
[WhiteElo "2277"]
[BlackElo "2299"]
[Result "0-1"]
[Round "06"]
[TimeControl "180+2"]
[Date "2023.01.10"]
[WhiteClock "0:02:29"]
[BlackClock "0:02:30"]

1. d4 Nf6 2. Nf3 g6 3. c4 Bg7 4. Nc3 O-O 5. e4 d6 6. Be2 Nbd7 7. O-O e5 8. d5 Nc5 9. Qc2 a5 10. h3 Bd7 11. Be3 b6 12. b3 Nh5 13. a3 a4 14. b4 Nb3 15. Rad1 Nf4 16. Nd2 Nd4 17. Bxd4 exd4 0-1


[Site "https://www.chess.com"]

[Event "Titled Tuesday Blitz January 10 Late 2023"]
[White "Estrada Nieto, Julian"]
[Black "Osmonbekov, Talaibek"]
[WhiteFideId "5101018"]
[BlackFideId "2017253"]
[WhiteElo "2215"]
[BlackElo "2137"]
[Result "0-1"]
[Round "06"]
[TimeControl "180+2"]
[Date "2023.01.10"]
[WhiteClock "0:00:08"]
[BlackClock "0:00:11"]

1. e4 c5 2. Nf3 d6 3. Bb5+ Nd7 4. d4 cxd4 5. Qxd4 Qb6 6. Qxb6 axb6 7. Nc3 e6 8. Be3 Nf6 9. Bxb6 Be7 10. O-O-O O-O 11. Bc7 Nc5 12. e5 dxe5 13. Bxe5 Nfe4 14. Nxe4 Nxe4 15. Rd4 Rxa2 16. Kb1 Ra5 17. Rxe4 Rxb5 18. Rd1 f6 19. Bd6 Bxd6 20. Rxd6 e5 21. Rc4 Bf5 22. g4 Bg6 23. Nh4 Bf7 24. Rc7 g6 25. Kc1 Bd5 26. Rdd7 Rf7 27. Rxf7 Bxf7 28. Ng2 Rb4 29. Ne3 h5 30. gxh5 gxh5 31. Kd2 Kg7 32. b3 Kg6 33. Kc3 Rh4 34. Rxb7 Rxh2 35. b4 Rxf2 36. b5 Rf3 37. Kd2 h4 38. Rb8 h3 39. Rh8 Kg7 40. Rh4 Be8 41. b6 Bc6 42. Ng4 Bb7 43. Rh6 Rf4 44. Nxf6 Kxh6 45. Ke3 Rxf6 0-1


[Site "https://www.chess.com"]

[Event "Titled Tuesday Blitz January 10 Late 2023"]
[White "Clawitter, Craig"]
[Black "Le Goff, Ronan"]
[WhiteFideId "2023105"]
[BlackFideId "612073"]
[WhiteElo "2050"]
[BlackElo "2320"]
[Result "0-1"]
[Round "06"]
[TimeControl "180+2"]
[Date "2023.01.10"]
[WhiteClock "0:00:05"]
[BlackClock "0:00:48"]

1. e4 e5 2. Nf3 Nc6 3. Bb5 a6 4. Ba4 Nf6 5. O-O b5 6. Bb3 Be7 7. Re1 O-O 8. h3 d6 9. c3 Nb8 10. d4 Nbd7 11. Nbd2 Bb7 12. Bc2 Re8 13. Nf1 Bf8 14. Ng3 g6 15. a4 Bg7 16. Bg5 h6 17. Bd2 Kh7 18. d5 c6 19. axb5 axb5 20. dxc6 Bxc6 21. Bb3 Qe7 22. Nh2 Nc5 23. Bc2 Rxa1 24. Qxa1 Qb7 25. f3 d5 26. b4 Ncd7 27. Ng4 dxe4 28. Nxf6+ Nxf6 29. Nxe4 Nxe4 30. Bxe4 Bxe4 31. Rxe4 f5 32. Re2 e4 33. fxe4 Rxe4 34. Qe1 Qb6+ 35. Kh1 Rxe2 36. Qxe2 Qc6 37. Qd3 Qc4 38. Qxc4 bxc4 39. Kg1 Kg8 40. Kf2 Kf7 41. b5 Ke6 42. b6 Kd7 43. Bf4 Kc6 44. Bc7 Bxc3 45. Kf3 Bd4 46. Ke2 Bxb6 47. Bxb6 Kxb6 0-1


[Site "https://www.chess.com"]

[Event "Titled Tuesday Blitz January 10 Late 2023"]
[White "Goncalves, Davi Sulzbacher"]
[Black "Aung Thant Zin"]
[WhiteFideId "2154510"]
[BlackFideId "13000063"]
[WhiteElo "2282"]
[BlackElo "2268"]
[Result "1-0"]
[Round "06"]
[TimeControl "180+2"]
[Date "2023.01.10"]
[WhiteClock "0:02:11"]
[BlackClock "0:02:38"]

1. e4 c5 2. Nf3 Nc6 3. d4 cxd4 4. Nxd4 Nf6 5. Nc3 d6 6. Be2 e5 7. Nb3 Be7 8. Bg5 Nxe4 9. Nxe4 Bxg5 10. Nxd6+ Kf8 11. Bc4 Be6 12. Bxe6 fxe6 13. Nxb7 Qc7 14. N7c5 Qe7 15. Qf3+ Kg8 16. Qxc6 1-0


[Site "https://www.chess.com"]

[Event "Titled Tuesday Blitz January 10 Late 2023"]
[White "Sivakumar, Shaaketh"]
[Black "Mitrovic, Darko R"]
[WhiteFideId "30940176"]
[BlackFideId "927023"]
[WhiteElo "2337"]
[BlackElo "2220"]
[Result "1-0"]
[Round "06"]
[TimeControl "180+2"]
[Date "2023.01.10"]
[WhiteClock "0:01:23"]
[BlackClock "0:00:02"]

1. d4 Nf6 2. c4 e6 3. Nc3 Bb4 4. f3 Bxc3+ 5. bxc3 d6 6. e4 Nc6 7. Bd3 e5 8. d5 Ne7 9. Be3 O-O 10. c5 c6 11. cxd6 Qxd6 12. c4 cxd5 13. cxd5 Nd7 14. Ne2 Nc5 15. Bc2 Bd7 16. O-O Rac8 17. Kh1 f6 18. Nc1 b6 19. a4 Rc7 20. a5 Rfc8 21. Ra2 Bb5 22. Rf2 Ng6 23. g3 Nf8 24. axb6 axb6 25. Rb2 Bc4 26. Nb3 Nfd7 27. Rd2 Nxb3 28. Bxb3 Bxb3 29. Qxb3 Rc3 30. Rdc2 Rxc2 31. Rxc2 Rxc2 32. Qxc2 Kf7 33. Qc6 Ke7 34. Qb7 Qb4 35. Kg2 Qb2+ 36. Bf2 Qb5 37. Qc7 Qb4 38. d6+ 1-0


[Site "https://www.chess.com"]

[Event "Titled Tuesday Blitz January 10 Late 2023"]
[White "Herbst, Richard"]
[Black "Dudzinski, Pawel"]
[WhiteFideId "2041251"]
[BlackFideId "1117890"]
[WhiteElo "2120"]
[BlackElo "2186"]
[Result "1/2-1/2"]
[Round "06"]
[TimeControl "180+2"]
[Date "2023.01.10"]
[WhiteClock "0:00:22"]
[BlackClock "0:00:09"]

1. e4 c6 2. d4 d5 3. exd5 cxd5 4. Bd3 Nc6 5. c3 g6 6. h3 Bg7 7. Nf3 Nh6 8. O-O f6 9. Bf4 Nf7 10. Re1 O-O 11. Bg3 Re8 12. Nbd2 e5 13. dxe5 fxe5 14. Bf1 e4 15. Nh2 Qb6 16. Qb3 Qxb3 17. Nxb3 Nce5 18. Rad1 Rd8 19. Bf4 b6 20. Nd4 Bd7 21. Be2 h5 22. Nf1 Rac8 23. Nb5 a6 24. Na3 b5 25. Rxd5 Be6 26. Rxd8+ Rxd8 27. Nc2 Bxa2 28. Nb4 Bc4 29. Bxc4 Nxc4 30. Nxa6 Nxb2 31. Rxe4 Bxc3 32. Ne3 b4 33. Nxb4 Bxb4 34. Rxb4 Nd3 35. Ra4 Rc8 36. Nd5 Rc5 37. Rd4 Rxd5 38. Rxd5 Nxf4 39. Ra5 g5 40. Ra8+ Kg7 41. Ra6 h4 42. Kh2 Ne5 43. Ra5 Kf6 44. Ra3 Nfd3 45. g3 Nxf2 46. gxh4 gxh4 47. Ra4 Kg5 48. Rxh4 Kxh4 49. Kg2 Ne4 50. Kf1 Ng6 51. Ke2 Kg5 52. Ke3 Kf5 53. Kd4 Nh4 54. Ke3 Ke5 55. Kd3 Kd5 56. Ke3 Ke5 57. Kd3 Nd6 58. Ke3 Ndf5+ 59. Kf2 Ke4 60. Ke2 Nd4+ 61. Kd2 Ke5 62. Kc3 Kd5 63. Kd3 Ke5 64. Ke3 Ndf5+ 65. Kf2 Ke4 66. Ke2 Ng6 67. Kd2 Nf4 68. Kc3 Ke5 69. h4 Nd5+ 70. Kc4 Nd6+ 71. Kc5 Ne4+ 72. Kc6 Ne7+ 73. Kd7 Nf5 74. h5 Nf6+ 75. Kd8 Nh6 76. Kc7 Ke6 77. Kc6 Ke5 78. Kc5 Nf5 79. Kc4 Nd6+ 80. Kc3 Kd5 81. Kb2 Nfe4 82. h6 Kc4 83. h7 Nf7 84. Kc2 Nh8 85. Kd1 Nf6 86. Ke2 Nxh7 1/2-1/2


[Site "https://www.chess.com"]

[Event "Titled Tuesday Blitz January 10 Late 2023"]
[White "Arenas, David"]
[Black "Soyunlu, Narmin"]
[WhiteFideId "4403177"]
[BlackFideId "13400843"]
[WhiteElo "2426"]
[BlackElo "2013"]
[Result "1-0"]
[Round "06"]
[TimeControl "180+2"]
[Date "2023.01.10"]
[WhiteClock "0:01:55"]
[BlackClock "0:00:55"]

1. e4 e5 2. Nf3 Nc6 3. Bc4 Bc5 4. c3 Nf6 5. d3 a6 6. a4 d6 7. O-O h6 8. Nbd2 Ba7 9. Re1 O-O 10. h3 Qe7 11. Nf1 Be6 12. Ng3 Qd7 13. a5 Rae8 14. Nh4 d5 15. exd5 Bxd5 16. Bxd5 Nxd5 17. Nhf5 Re6 18. Qg4 g5 19. Nxh6+ Kh7 20. Nhf5 Rg6 21. Bxg5 Nf6 22. Qh4+ Kg8 23. Bxf6 1-0


[Site "https://www.chess.com"]

[Event "Titled Tuesday Blitz January 10 Late 2023"]
[White "Bon, Michael"]
[Black "Rodrigues, Leonardo De Miranda"]
[WhiteFideId "620696"]
[BlackFideId "2108658"]
[WhiteElo "2394"]
[BlackElo "2112"]
[Result "1-0"]
[Round "06"]
[TimeControl "180+2"]
[Date "2023.01.10"]
[WhiteClock "0:00:05"]
[BlackClock "0:00:20"]

1. e4 c6 2. d4 d5 3. e5 Bf5 4. c4 e6 5. Nc3 Ne7 6. Nf3 Nd7 7. h3 h6 8. b3 a6 9. Bd3 b5 10. c5 Bxd3 11. Qxd3 Nf5 12. O-O Be7 13. a4 O-O 14. Ne2 Qc7 15. Bf4 Rfb8 16. a5 b4 17. Ra4 Rb5 18. Rfa1 Bxc5 19. dxc5 Nxc5 20. Qc2 Nxa4 21. Rxa4 c5 22. g4 Ne7 23. g5 h5 24. Be3 Rc8 25. Nf4 g6 26. Ra1 Rxa5 27. Rc1 Nf5 28. Nd3 Nxe3 29. fxe3 Qb6 30. Nf4 Kg7 31. Nh4 Qd8 32. Nhxg6 Qxg5+ 33. Kh2 Qf5 34. Qxf5 exf5 35. Ne7 Re8 36. Nxf5+ Kf8 37. Nxd5 Rxe5 38. e4 Ra2+ 39. Kg3 Rxe4 40. Kf3 Re5 41. Nfe3 Rd2 42. Rxc5 Kg7 43. Kf4 f6 44. Nf5+ Kg6 45. Nde7+ Kf7 46. Rc7 Rf2+ 47. Kg3 Rfxf5 48. Nxf5+ Ke6 49. Nd4+ Kd5 50. Rd7+ Kc5 51. Nf3 Re3 52. Kf4 Rxb3 53. Rf7 a5 54. Rxf6 a4 55. Rf5+ Kc4 56. Nd2+ Kc3 57. Nxb3 Kxb3 58. Rxh5 a3 59. Ra5 a2 60. h4 Kb2 61. h5 a1=Q 62. Rxa1 Kxa1 63. h6 b3 64. h7 b2 65. h8=Q Ka2 66. Qa8+ Kb3 67. Qb7+ Kc2 68. Qc6+ Kb1 69. Ke3 Ka2 70. Qa4+ Kb1 71. Kd3 1-0


[Site "https://www.chess.com"]